[Event "Titled Tuesday Blitz May 17 Early 2022"]
[White "Nguyen Hong Nhung"]
[Black "Svane, Frederik"]
[WhiteFideId "12412201"]
[BlackFideId "12923044"]
[WhiteElo "1758"]
[BlackElo "2459"]
[Result "0-1"]
[Round "01"]
[TimeControl "180+1"]
[Date "2022.05.17"]
[WhiteClock "0:00:10"]
[BlackClock "0:00:34"]

1. e4 c5 2. Nc3 Nc6 3. Bb5 g6 4. Bxc6 bxc6 5. d3 Bg7 6. Be3 Rb8 7. Qc1 Qa5 8. Ne2 Nf6 9. O-O O-O 10. Rb1 d5 11. exd5 cxd5 12. d4 cxd4 13. Bxd4 Re8 14. Be5 Rb7 15. Rd1 e6 16. h3 Bd7 17. Nd4 Rc8 18. Qg5 Qd8 19. Re1 Ne8 20. Qxd8 Rxd8 21. Bxg7 Kxg7 22. b3 Rc8 23. Re3 Nd6 24. Nce2 Re8 25. Nf3 Rc7 26. Rc1 f6 27. Rc3 Rec8 28. Rxc7 Rxc7 29. Nf4 g5 30. Ne2 e5 31. Kf1 Kf7 32. Ke1 Ke6 33. Nd2 Be8 34. c4 d4 35. b4 Ba4 36. c5 Nf5 37. Nc4 Ne7 38. Kd2 Nd5 39. a3 Bb5 40. Nd6 Bxe2 41. Kxe2 Nc3+ 42. Kd3 Kd5 43. f3 Rc6 44. Nc4 f5 45. Ne3+ Ke6 46. Nc4 e4+ 47. fxe4 fxe4+ 48. Kxd4 Ne2+ 49. Kxe4 Nxc1 50. Kd4 Nb3+ 51. Kc3 Nxc5 52. bxc5 Rxc5 53. Kd4 Rd5+ 54. Ke4 Rb5 55. Kd4 Rb3 56. Kc5 Rg3 57. Kb5 Rxg2 58. Ka6 Rc2 59. Na5 Rc3 60. a4 Ra3 61. Kb5 a6+ 62. Kb4 Rxh3 63. Nb7 Kd5 64. Ka5 Ra3 65. Nc5 Kxc5 66. Kxa6 Rxa4+ 67. Kb7 Ra5 0-1


[Site "https://www.chess.com"]

[Event "Titled Tuesday Blitz May 17 Early 2022"]
[White "Obrien, Matthew"]
[Black "Paravyan, David"]
[WhiteFideId "2059150"]
[BlackFideId "4194985"]
[WhiteElo "2538"]
[BlackElo "2569"]
[Result "0-1"]
[Round "01"]
[TimeControl "180+1"]
[Date "2022.05.17"]
[WhiteClock "0:00:01"]
[BlackClock "0:00:29"]

1. e4 e5 2. Nf3 Nf6 3. Nxe5 d6 4. Nf3 Nxe4 5. Bd3 Nf6 6. O-O Be7 7. Re1 O-O 8. h3 d5 9. c3 Re8 10. Bc2 Nbd7 11. d4 Nf8 12. Ne5 Be6 13. Nd2 c5 14. dxc5 Bxc5 15. Nb3 Bb6 16. Be3 N8d7 17. Nxd7 Bxd7 18. Bd4 Rxe1+ 19. Qxe1 Bxd4 20. Nxd4 Qb6 21. Qd2 Re8 22. Bd3 h6 23. b3 Qc5 24. b4 Qc7 25. a4 Rc8 26. Ra3 Qe5 27. a5 a6 28. Ra1 Re8 29. Rb1 Ne4 30. Bxe4 dxe4 31. Qe3 Qc7 32. Rc1 Qc4 33. Re1 Rc8 34. Rc1 Bc6 35. Nxc6 Rxc6 36. Qd2 Kh7 37. Qd8 f5 38. Qd7 Qb5 39. Qd2 Qe5 40. Qe3 f4 41. Qd2 Rg6 42. Kh1 Qg5 0-1


[Site "https://www.chess.com"]

[Event "Titled Tuesday Blitz May 17 Early 2022"]
[White "Oparin, Grigoriy"]
[Black "Raahul V S"]
[WhiteFideId "24125890"]
[BlackFideId "25035525"]
[WhiteElo "2665"]
[BlackElo "2185"]
[Result "1-0"]
[Round "01"]
[TimeControl "180+1"]
[Date "2022.05.17"]
[WhiteClock "0:00:45"]
[BlackClock "0:00:12"]

1. c4 c5 2. Nf3 Nf6 3. d4 cxd4 4. Nxd4 Nc6 5. Nc3 g6 6. g3 Bg7 7. Bg2 O-O 8. O-O a6 9. e3 Qc7 10. Qe2 d6 11. b3 Bg4 12. f3 Bd7 13. Bb2 Rfe8 14. Rac1 Rad8 15. Rfd1 Qb8 16. Nxc6 Bxc6 17. e4 Nd7 18. h4 Nc5 19. h5 Ne6 20. Qe3 gxh5 21. f4 Bh6 22. Ne2 b5 23. Qf3 Qa7+ 24. Kh2 Ng7 25. cxb5 Bxb5 26. Nd4 Bd7 27. Nc6 Qb6 28. Bd4 Qb5 29. a4 Qb7 30. Nxd8 Rxd8 31. e5 d5 32. Qxd5 Qxd5 33. Bxd5 Bg4 34. Bb6 Rb8 35. Ba7 Rf8 36. Rf1 Nf5 37. Bb6 e6 38. Bf3 f6 39. exf6 Rxf6 40. Rc8+ Kg7 41. Bxg4 hxg4 42. Rd1 Kg6 43. Rd7 Bg7 44. Kg2 h5 45. Bd4 Nxd4 46. Rxd4 e5 47. fxe5 Rb6 48. Rd6+ Rxd6 49. exd6 1-0


[Site "https://www.chess.com"]

[Event "Titled Tuesday Blitz May 17 Early 2022"]
[White "Petre, Nad-Titus"]
[Black "Deac, Bogdan-Daniel"]
[WhiteFideId "1204165"]
[BlackFideId "1226380"]
[WhiteElo "2354"]
[BlackElo "2648"]
[Result "0-1"]
[Round "01"]
[TimeControl "180+1"]
[Date "2022.05.17"]
[WhiteClock "0:00:39"]
[BlackClock "0:00:44"]

1. e4 c6 2. d4 d5 3. exd5 cxd5 4. Bd3 Nc6 5. c3 Qc7 6. Ne2 Bg4 7. O-O e6 8. Qe1 Bh5 9. Bf4 Bd6 10. Bxd6 Qxd6 11. f4 Bxe2 12. Qxe2 O-O-O 13. Na3 Nge7 14. Rae1 g6 15. Nc2 h5 16. Ne3 Nf5 17. Nxf5 gxf5 18. Rf3 Rdg8 19. Qf2 Rg4 20. Be2 h4 21. Rf1 Rhg8 22. g3 Nb8 23. Re3 hxg3 24. hxg3 R4g7 25. Bb5 a6 26. Ba4 b5 27. Bc2 Nd7 28. a4 Nf6 29. axb5 Ng4 0-1


[Site "https://www.chess.com"]

[Event "Titled Tuesday Blitz May 17 Early 2022"]
[White "Royal, Shreyas"]
[Black "Shimanov, Aleksandr"]
[WhiteFideId "448869"]
[BlackFideId "4198603"]
[WhiteElo "1986"]
[BlackElo "2605"]
[Result "0-1"]
[Round "01"]
[TimeControl "180+1"]
[Date "2022.05.17"]
[WhiteClock "0:01:15"]
[BlackClock "0:00:54"]

1. d4 Nf6 2. c4 g6 3. Nc3 Bg7 4. e4 d6 5. Nge2 O-O 6. Ng3 c5 7. d5 e6 8. Be2 exd5 9. cxd5 a6 10. a4 Ne8 11. O-O Nd7 12. Be3 Rb8 13. f4 Nc7 14. e5 dxe5 15. f5 Ne8 16. Nce4 b5 17. Nxc5 Nd6 18. Nce4 Nf6 19. Bg5 Qb6+ 20. Nf2 Nxf5 21. a5 Qa7 22. Qb3 Nd4 23. Qd3 Nxd5 24. Kh1 Nf4 25. Bxf4 exf4 26. Nge4 Bf5 27. Bf3 Rbd8 28. Rac1 Rfe8 29. Qa3 Nxf3 30. gxf3 Qe3 31. Rc3 Bxc3 0-1


[Site "https://www.chess.com"]

[Event "Titled Tuesday Blitz May 17 Early 2022"]
[White "Sarana, Alexey"]
[Black "Bachmann, Axel"]
[WhiteFideId "24133795"]
[BlackFideId "3700488"]
[WhiteElo "2666"]
[BlackElo "2587"]
[Result "1-0"]
[Round "01"]
[TimeControl "180+1"]
[Date "2022.05.17"]
[WhiteClock "0:01:15"]
[BlackClock "0:00:09"]

1. d4 Nf6 2. c4 g6 3. Nc3 Bg7 4. e4 d6 5. Be2 O-O 6. Be3 c5 7. d5 e6 8. Nf3 exd5 9. cxd5 a6 10. a4 Bg4 11. Nd2 Bxe2 12. Qxe2 Re8 13. O-O Nbd7 14. Bf4 Ne5 15. h3 Rc8 16. Bh2 c4 17. Bxe5 Rxe5 18. Nxc4 Re8 19. a5 Nh5 20. Ra4 Rc5 21. Rb4 Qc7 22. g3 Bxc3 23. bxc3 Nf6 24. e5 Nxd5 25. Nxd6 Nxc3 26. Qf3 Rb8 27. Ne8 Qxe5 28. Nf6+ Kg7 29. Nd7 Qc7 30. Nxb8 Qxb8 31. Rxb7 Qe8 32. Kg2 Rf5 33. Qxc3+ 1-0


[Site "https://www.chess.com"]

[Event "Titled Tuesday Blitz May 17 Early 2022"]
[White "Shuvalov, Evgenij"]
[Black "Salem, A.R. Saleh"]
[WhiteFideId "4187237"]
[BlackFideId "9301348"]
[WhiteElo "2053"]
[BlackElo "2679"]
[Result "0-1"]
[Round "01"]
[TimeControl "180+1"]
[Date "2022.05.17"]
[WhiteClock "0:00:07"]
[BlackClock "0:00:25"]

1. Nf3 c5 2. c4 Nf6 3. g3 d5 4. Bg2 d4 5. b4 cxb4 6. a3 e6 7. axb4 Nbd7 8. Nxd4 Bxb4 9. Bb2 O-O 10. O-O e5 11. Nb5 a6 12. d3 Re8 13. N1c3 Rb8 14. Na3 Nf8 15. Nc2 Bc5 16. Na4 Bd6 17. c5 Bc7 18. Ne3 Ng6 19. Nc4 h5 20. Nab6 Be6 21. Rc1 h4 22. Qa4 hxg3 23. hxg3 Ng4 24. Qb4 Qg5 25. Nd6 Qh5 26. Rfe1 Qh2+ 27. Kf1 Rf8 28. e3 f5 29. Nd5 Bd8 30. d4 e4 31. Nf4 Nxf4 32. exf4 Bd5 33. Nc4 Be7 34. Ne3 Nxe3+ 35. Rxe3 b6 36. Qc3 bxc5 37. dxc5 Bf6 38. Qc2 Rxb2 39. Qd1 Bc6 40. Qd6 Bb5+ 41. Ke1 Qg1+ 42. Bf1 Qxf1# 0-1


[Site "https://www.chess.com"]

[Event "Titled Tuesday Blitz May 17 Early 2022"]
[White "Sjugirov, Sanan"]
[Black "Yurovskykh, Oleksandr"]
[WhiteFideId "4189302"]
[BlackFideId "14134020"]
[WhiteElo "2602"]
[BlackElo "2292"]
[Result "1/2-1/2"]
[Round "01"]
[TimeControl "180+1"]
[Date "2022.05.17"]
[WhiteClock "0:00:03"]
[BlackClock "0:00:05"]

1. Nf3 d5 2. e3 Nf6 3. c4 dxc4 4. Bxc4 c5 5. O-O Nc6 6. d4 e6 7. Nc3 cxd4 8. exd4 Be7 9. Qe2 O-O 10. Rd1 Na5 11. Bd3 b6 12. Ne5 Bb7 13. Bg5 Rc8 14. Bc2 Nd5 15. Bd2 Nc6 16. Nxc6 Bxc6 17. Qh5 g6 18. Qh3 Nxc3 19. bxc3 Bd5 20. a4 Bg5 21. Be1 Qc7 22. Rdb1 Rb8 23. Bd3 Rfc8 24. Qg4 Bf4 25. h3 Bh2+ 26. Kf1 Bd6 27. Qe2 Bc4 28. Bxc4 Qxc4 29. Qxc4 Rxc4 30. Ke2 Rd8 31. a5 Bc7 32. axb6 Bxb6 33. Rb5 Rdc8 34. Kd3 h5 35. Bd2 Kf8 36. g4 hxg4 37. hxg4 Ke8 38. Rh1 R4c7 39. Re5 Kd7 40. Re4 Kc6 41. Rf4 e5 42. dxe5 Rd8+ 43. Ke2 Rcd7 44. Bc1 Kd5 45. Rf3 Kxe5 46. Rh7 f5 47. Rxd7 Rxd7 48. Bf4+ Ke6 49. gxf5+ gxf5 50. Bd2 a5 51. Rf4 Ra7 52. Ra4 Kd5 53. f3 Kc6 54. c4 Bc7 55. Kd3 Ra8 56. Bc3 Rd8+ 57. Kc2 Re8 58. Kd3 Bb6 59. Bd2 Rd8+ 60. Kc2 Re8 61. Ra3 Ra8 62. Ra4 Re8 63. Kb3 Re2 64. Kc3 Rf2 65. Kd3 Rxf3+ 66. Ke2 Rh3 67. Bf4 Rh4 68. Bg5 Rg4 69. Bf6 Rg2+ 70. Kf3 Rc2 71. Kf4 Kc5 72. Kxf5 Rxc4 73. Ra2 Kb5 74. Be7 a4 75. Ke5 Bc5 76. Bxc5 Rxc5+ 77. Kd4 Rc8 78. Kd3 Kb4 79. Rb2+ Ka3 80. Rb7 Ka2 81. Kd2 a3 82. Kd1 Ka1 83. Kd2 a2 84. Rb6 Rh8 85. Kc2 Rh2+ 86. Kc1 Rh1+ 87. Kc2 Rb1 88. Rh6 Rb2+ 89. Kc1 Rb4 90. Rc6 Rb1+ 91. Kc2 Rh1 92. Rc8 Rh2+ 93. Kc1 Rh1+ 94. Kc2 Rh2+ 95. Kc1 Rh1+ 96. Kc2 1/2-1/2


[Site "https://www.chess.com"]

[Event "Titled Tuesday Blitz May 17 Early 2022"]
[White "Slugin, Sergey"]
[Black "Maghsoodloo, Parham"]
[WhiteFideId "4122569"]
[BlackFideId "12539929"]
[WhiteElo "2358"]
[BlackElo "2630"]
[Result "1/2-1/2"]
[Round "01"]
[TimeControl "180+1"]
[Date "2022.05.17"]
[WhiteClock "0:00:07"]
[BlackClock "0:00:07"]

1. c4 e6 2. Nf3 d5 3. d4 c5 4. cxd5 exd5 5. Nc3 Nc6 6. dxc5 d4 7. Na4 b5 8. cxb6 axb6 9. e3 Bb4+ 10. Bd2 dxe3 11. Bxb4 Qxd1+ 12. Rxd1 Nxb4 13. Bb5+ Ke7 14. a3 Ba6 15. Bxa6 Rxa6 16. Nc3 Nc6 17. Nd5+ Kf8 18. fxe3 Nge7 19. Ke2 h5 20. Rhf1 f6 21. Nc7 Ra5 22. Nd4 Nxd4+ 23. Rxd4 Kf7 24. Rd7 Re5 25. Rfd1 Kg6 26. Nd5 Nf5 27. Rd3 Rc8 28. Rc3 Rce8 29. Nxb6 Nxe3 30. Kd2 Nf1+ 31. Kc2 Rb5 32. Nc4 Re2+ 33. Kd3 Rxg2 34. a4 Rf5 35. a5 Nxh2 36. a6 Ng4 37. a7 Rf3+ 38. Kd4 Rf4+ 39. Kc5 Rf5+ 40. Kb4 Ne5 41. Nxe5+ Rxe5 42. a8=Q Rxb2+ 43. Rb3 Rf2 44. Qc6 Rf4+ 45. Ka3 Ra5+ 46. Kb2 Rf2+ 47. Kc3 Raa2 48. Qe4+ Kh6 49. Qe8 Rac2+ 50. Kb4 Rg2 51. Qh8+ Kg5 52. Rxg7+ Kh4 53. Rxg2 Rxg2 54. Qxf6+ Kg4 55. Qg6+ Kh4 56. Qxg2 1/2-1/2


[Site "https://www.chess.com"]

[Event "Titled Tuesday Blitz May 17 Early 2022"]
[White "Sydoryka, Vladyslav"]
[Black "Saric, Ivan"]
[WhiteFideId "14145928"]
[BlackFideId "14508150"]
[WhiteElo "2283"]
[BlackElo "2550"]
[Result "1-0"]
[Round "01"]
[TimeControl "180+1"]
[Date "2022.05.17"]
[WhiteClock "0:01:05"]
[BlackClock "0:01:48"]

1. c4 e6 2. g3 d5 3. Bg2 dxc4 4. Nf3 Nf6 5. O-O c6 6. a4 Nbd7 7. Qc2 Be7 8. Na3 O-O 9. Nxc4 Nb6 10. a5 Nxc4 11. Qxc4 Nd5 12. a6 bxa6 13. Qxc6 Rb8 14. d3 Bb7 15. Qa4 Bf6 16. Rd1 Qb6 17. e4 Nb4 18. Be3 Qb5 19. Qxb5 axb5 20. Bc5 Nc6 21. Bxf8 Kxf8 22. d4 a6 23. e5 Be7 24. h4 Nb4 25. Nd2 Nd5 26. Nb3 Bb4 27. Rdc1 h5 28. Nc5 a5 29. Nd7+ Ke7 30. Nxb8 a4 31. Nc6+ Bxc6 32. Rxc6 Kd7 33. Bxd5 exd5 34. Rb6 1-0


[Site "https://www.chess.com"]

[Event "Titled Tuesday Blitz May 17 Early 2022"]
[White "Urbina Perez, Juan Antonio"]
[Black "Lodici, Lorenzo"]
[WhiteFideId "2217368"]
[BlackFideId "884189"]
[WhiteElo "2192"]
[BlackElo "2265"]
[Result "0-1"]
[Round "01"]
[TimeControl "180+1"]
[Date "2022.05.17"]
[WhiteClock "0:00:14"]
[BlackClock "0:01:19"]

1. e4 c5 2. Nf3 b6 3. g3 Bb7 4. Qe2 Nf6 5. d3 g6 6. Bg2 Bg7 7. O-O O-O 8. c3 d5 9. e5 Nfd7 10. Re1 f6 11. exf6 exf6 12. Qe7 Nc6 13. Qxd8 Raxd8 14. Na3 Nde5 15. Nxe5 fxe5 16. Bg5 Bf6 17. Bxf6 Rxf6 18. Nc2 h5 19. Rad1 Kf7 20. a3 a5 21. d4 cxd4 22. cxd4 e4 23. Ne3 Ba6 24. Rd2 g5 25. Rc1 Rdd6 26. h3 Ke6 27. g4 hxg4 28. hxg4 Bd3 29. Nf5 Rxf5 30. gxf5+ Kxf5 31. Rxd3 exd3 32. Rd1 Nxd4 33. Rxd3 Ne2+ 34. Kf1 Nf4 35. Rd4 Ke5 36. Rd2 d4 37. Bf3 d3 38. Ke1 Kd4 39. Kd1 Rh6 40. b4 axb4 41. axb4 b5 42. Bc6 Rxc6 0-1


[Site "https://www.chess.com"]

[Event "Titled Tuesday Blitz May 17 Early 2022"]
[White "Visakh N R"]
[Black "Ianov, Viktor"]
[WhiteFideId "25012223"]
[BlackFideId "14102730"]
[WhiteElo "2448"]
[BlackElo "2152"]
[Result "1-0"]
[Round "01"]
[TimeControl "180+1"]
[Date "2022.05.17"]
[WhiteClock "0:01:01"]
[BlackClock "0:00:59"]

1. Nf3 d6 2. g3 g6 3. Bg2 Bg7 4. O-O Nf6 5. b3 O-O 6. Bb2 c5 7. c4 Nc6 8. d4 cxd4 9. Nxd4 Bd7 10. Nc3 Nxd4 11. Qxd4 Bc6 12. Rfd1 Bxg2 13. Kxg2 a6 14. Nd5 Ne8 15. Qd2 Bxb2 16. Qxb2 Nc7 17. Ne3 Ne6 18. h4 Qa5 19. Rd5 b5 20. h5 Qb6 21. Rh1 Rac8 22. Ng4 f6 23. hxg6 hxg6 24. Qd2 Kf7 25. Rh7+ Ke8 26. Qh6 bxc4 27. Qxg6+ Kd8 28. Qe4 c3 29. Qxe6 Rc7 30. Nh6 Rd7 31. Nf7+ Kc7 32. Nxd6 Qc6 33. Rxe7 Rd8 34. Ne8+ Kb6 35. Qxc6+ Kxc6 36. Rdxd7 Rxd7 37. Re3 Rd2 38. Rxc3+ 1-0


[Site "https://www.chess.com"]

[Event "Titled Tuesday Blitz May 17 Early 2022"]
[White "Vokhidov, Shamsiddin"]
[Black "Ronka, Erik"]
[WhiteFideId "14204223"]
[BlackFideId "505080"]
[WhiteElo "2611"]
[BlackElo "2264"]
[Result "1-0"]
[Round "01"]
[TimeControl "180+1"]
[Date "2022.05.17"]
[WhiteClock "0:01:47"]
[BlackClock "0:00:08"]

1. e4 c5 2. Nf3 e6 3. c3 Nf6 4. e5 Nd5 5. d4 cxd4 6. cxd4 d6 7. Bc4 Nc6 8. O-O Be7 9. Qe2 O-O 10. Bd2 b6 11. Nc3 Nxc3 12. Bxc3 dxe5 13. dxe5 Bb7 14. Bd3 Nb4 15. Bxb4 Bxb4 16. Rfd1 Qe8 17. Ng5 g6 18. Be4 Qe7 19. Bxb7 Qxb7 20. Ne4 Rfd8 21. Qf3 Qe7 22. a3 Bc5 23. b4 Bxb4 24. axb4 Qxb4 25. g3 Rac8 26. Rxd8+ Rxd8 27. Rxa7 Rf8 28. Nd6 Qb1+ 29. Kg2 Qb2 30. Rxf7 1-0


[Site "https://www.chess.com"]

[Event "Titled Tuesday Blitz May 17 Early 2022"]
[White "Xiong, Jeffery"]
[Black "Hoang, Thi Bao Tram"]
[WhiteFideId "2047640"]
[BlackFideId "12401102"]
[WhiteElo "2727"]
[BlackElo "2125"]
[Result "1-0"]
[Round "01"]
[TimeControl "180+1"]
[Date "2022.05.17"]
[WhiteClock "0:00:36"]
[BlackClock "0:00:24"]

1. e4 c6 2. Nf3 d5 3. d3 Bg4 4. Nbd2 Nd7 5. h3 Bxf3 6. Nxf3 e6 7. g3 Bc5 8. Bg2 Ne7 9. O-O O-O 10. c3 Bb6 11. Qc2 e5 12. Re1 f6 13. d4 Kh8 14. a4 a6 15. Be3 Rc8 16. Rad1 Qc7 17. dxe5 Bxe3 18. Rxe3 fxe5 19. Ng5 Nf6 20. Ne6 Qd6 21. Nxf8 Rxf8 22. exd5 cxd5 23. Qe2 Nc6 24. Bxd5 Nxd5 25. Red3 Qe6 26. Rxd5 Qxh3 27. R1d3 h6 28. Rf3 Re8 29. Rf7 Qe6 30. Qf3 e4 31. Rf8+ Kh7 32. Rxe8 Qxe8 33. Qf5+ Kh8 34. Qd7 Qg6 35. Qc8+ Kh7 36. Qf5 1-0


[Site "https://www.chess.com"]

[Event "Titled Tuesday Blitz May 17 Early 2022"]
[White "Yilmaz, Mustafa"]
[Black "Lehtosaari, Mauri"]
[WhiteFideId "6302718"]
[BlackFideId "501999"]
[WhiteElo "2568"]
[BlackElo "2511"]
[Result "1-0"]
[Round "01"]
[TimeControl "180+1"]
[Date "2022.05.17"]
[WhiteClock "0:00:52"]
[BlackClock "0:00:20"]

1. c4 c6 2. d4 d5 3. cxd5 cxd5 4. Bf4 Nf6 5. e3 Nc6 6. Nc3 a6 7. Be2 Bf5 8. Nf3 e6 9. Qb3 Ra7 10. Ne5 Nxe5 11. Bxe5 Bd6 12. Qa4+ Ke7 13. Nb5 axb5 14. Qxa7 Bb4+ 15. Kf1 Qc8 16. f3 Rd8 17. Kf2 Qc2 18. Rac1 Qxb2 19. Qxb7+ Rd7 20. Qxb5 Bd3 21. Qxd3 1-0


[Site "https://www.chess.com"]

[Event "Titled Tuesday Blitz May 17 Early 2022"]
[White "Andreikin, Dmitry"]
[Black "Zhu, Jiner"]
[WhiteFideId "4158814"]
[BlackFideId "8608059"]
[WhiteElo "2736"]
[BlackElo "2281"]
[Result "1-0"]
[Round "02"]
[TimeControl "180+1"]
[Date "2022.05.17"]
[WhiteClock "0:01:06"]
[BlackClock "0:00:15"]

1. Nf3 Nf6 2. c4 e6 3. g3 d5 4. Bg2 d4 5. b4 a5 6. b5 Be7 7. O-O O-O 8. e3 c5 9. exd4 cxd4 10. Bb2 Bc5 11. d3 Qd6 12. Nbd2 Nbd7 13. Nb3 e5 14. a4 Rb8 15. Nxa5 Bb4 16. Nb3 Nc5 17. a5 Ra8 18. Nxc5 Qxc5 19. Qb3 Bf5 20. Nxe5 Rxa5 21. Nf3 Rd8 22. Rxa5 Bxa5 23. Ra1 b6 24. Ba3 Qc8 25. Bb2 Qc5 26. h3 h6 27. Ba3 Qc8 28. Be7 Bc3 29. Bxd8 Bxa1 30. Bxb6 Bc3 31. Bxd4 Bxd4 32. Nxd4 Bxh3 33. Nc6 Bxg2 34. Ne7+ 1-0


[Site "https://www.chess.com"]

[Event "Titled Tuesday Blitz May 17 Early 2022"]
[White "Arabidze, Meri"]
[Black "Bluebaum, Matthias"]
[WhiteFideId "13604040"]
[BlackFideId "24651516"]
[WhiteElo "2335"]
[BlackElo "2556"]
[Result "0-1"]
[Round "02"]
[TimeControl "180+1"]
[Date "2022.05.17"]
[WhiteClock "0:00:03"]
[BlackClock "0:00:33"]

1. Nf3 d5 2. g3 b6 3. Bg2 Bb7 4. O-O e6 5. d4 Nf6 6. b3 Be7 7. Bb2 O-O 8. Nbd2 c5 9. c4 dxc4 10. Nxc4 Nbd7 11. Nfe5 Bxg2 12. Kxg2 Nxe5 13. dxe5 Nd7 14. f4 Qc7 15. Qd3 Rfd8 16. Qf3 b5 17. Nd2 Rac8 18. Ne4 Qc6 19. Rac1 Nb6 20. Ba3 Nd7 21. Rc2 Qa6 22. Bb2 c4 23. bxc4 bxc4 24. Bc3 Nc5 25. Rb1 Nxe4 26. Qxe4 h6 27. Qb7 Qa4 28. Qe4 Rb8 29. Rxb8 Rxb8 30. Be1 Rc8 31. g4 Qb5 32. h4 a5 33. h5 Bb4 34. Bf2 c3 35. g5 hxg5 36. fxg5 Rc4 37. Qa8+ Bf8 38. Qf3 Qxe5 39. Be3 Bd6 40. Kf1 Re4 41. Rxc3 Bf8 42. Rc8 Rxe3 43. Rxf8+ Kxf8 44. Qa8+ Ke7 45. Qb7+ Kd6 46. Qb8+ Kd5 47. Qb5+ Ke4 48. Qb1+ Kf4 0-1


[Site "https://www.chess.com"]

[Event "Titled Tuesday Blitz May 17 Early 2022"]
[White "Artemenko, Oleg"]
[Black "Lazavik, Denis"]
[WhiteFideId "14201798"]
[BlackFideId "13515110"]
[WhiteElo "2287"]
[BlackElo "2437"]
[Result "0-1"]
[Round "02"]
[TimeControl "180+1"]
[Date "2022.05.17"]
[WhiteClock "0:00:01"]
[BlackClock "0:00:09"]

1. d4 f5 2. Nc3 Nf6 3. Bg5 d5 4. Bxf6 exf6 5. e3 Be6 6. Qf3 Qd7 7. Bd3 Nc6 8. Nge2 O-O-O 9. Nf4 Bf7 10. Nfxd5 Bxd5 11. Bxf5 Bxf3 12. Bxd7+ Rxd7 13. gxf3 Bb4 14. Ke2 Re8 15. Kf1 Bxc3 16. bxc3 Na5 17. Ke2 c5 18. Rab1 a6 19. Kd3 Red8 20. Rhg1 Rc7 21. e4 cxd4 22. cxd4 Nc6 23. c3 Ne5+ 24. Ke2 Ng6 25. Rb3 Nf4+ 26. Ke3 g5 27. h4 h6 28. hxg5 hxg5 29. Rh1 f5 30. Rg1 Nh3 31. Rh1 Nf4 32. Rg1 Nh3 33. Rh1 g4 34. fxg4 fxg4 35. f4 Rg8 36. Rh2 g3 37. Rg2 Rg4 38. f5 Nf4 39. Kf3 Nxg2 40. Kxg4 Rg7+ 41. Kh5 Nf4+ 42. Kh6 g2 43. Kxg7 g1=Q+ 44. Kf6 Qg8 45. Ke5 Nd3+ 46. Kf6 Qf8+ 47. Kg5 Qe7+ 48. f6 Qxe4 49. f7 Qf3 50. Kg6 Nf4+ 51. Kf6 Nd5+ 52. Kg7 Qg4+ 53. Kh8 Qh5+ 54. Kg7 Qg5+ 55. Kh8 Qh6+ 56. Kg8 Nf6# 0-1


[Site "https://www.chess.com"]

[Event "Titled Tuesday Blitz May 17 Early 2022"]
[White "Blomqvist, Erik"]
[Black "Vasquez Schroeder, Rodrigo"]
[WhiteFideId "1709437"]
[BlackFideId "3400042"]
[WhiteElo "2423"]
[BlackElo "2567"]
[Result "0-1"]
[Round "02"]
[TimeControl "180+1"]
[Date "2022.05.17"]
[WhiteClock "0:00:02"]
[BlackClock "0:00:15"]

1. e4 c5 2. Nf3 d6 3. d4 cxd4 4. Nxd4 Nf6 5. Nc3 a6 6. Be2 e6 7. f4 Qc7 8. Be3 b5 9. a3 Bb7 10. Bf3 Nbd7 11. Qe2 Nc5 12. Bf2 Be7 13. O-O-O Rb8 14. g4 Na4 15. Nxa4 bxa4 16. g5 Nd7 17. h4 Nc5 18. Kb1 Ba8 19. Be1 Qb7 20. Bb4 a5 21. e5 d5 22. Bc3 Ne4 23. Bxe4 dxe4 24. Ka1 Qc7 25. Rh3 O-O 26. f5 Bd5 27. f6 Bc5 28. h5 Rfc8 29. g6 Qb6 30. gxf7+ Kxf7 31. Qg4 Rg8 32. Qf4 Rbf8 33. fxg7+ Kxg7 34. h6+ Kh8 35. Qh4 Bxd4 36. Bxd4 Qxd4 0-1


[Site "https://www.chess.com"]

[Event "Titled Tuesday Blitz May 17 Early 2022"]
[White "Ceres, Dragos"]
[Black "Xu, Yi"]
[WhiteFideId "13905864"]
[BlackFideId "8605564"]
[WhiteElo "2150"]
[BlackElo "2471"]
[Result "0-1"]
[Round "02"]
[TimeControl "180+1"]
[Date "2022.05.17"]
[WhiteClock "0:00:03"]
[BlackClock "0:00:10"]

1. e4 c6 2. d4 d5 3. e5 Bf5 4. Nf3 e6 5. Be2 Ne7 6. O-O Ng6 7. Be3 Nd7 8. c4 f6 9. Nc3 Bb4 10. exf6 Qxf6 11. Qb3 Bxc3 12. bxc3 b6 13. cxd5 exd5 14. c4 Qd6 15. cxd5 cxd5 16. a4 O-O 17. a5 h6 18. Ne1 Kh7 19. Nd3 Nf6 20. axb6 axb6 21. Rxa8 Rxa8 22. Ne5 Nxe5 23. dxe5 Qxe5 24. Qxb6 Be4 25. Qd4 Qe6 26. Re1 Ra2 27. Bf1 Qg4 28. Qe5 Qg6 29. Qg3 Qf5 30. Bd4 Nh5 31. Qc7 Qg6 32. Qe5 Ra8 33. h3 Re8 34. Qc7 Rf8 35. g4 Nf4 36. Be5 Ne6 37. Qe7 h5 38. Be2 Rf7 39. Qd6 h4 40. f4 Rb7 41. Kh2 Rb2 42. f5 Bxf5 43. Bxb2 Be4 44. Be5 Qf7 45. Bd4 Nxd4 46. Rf1 Qg6 47. Qxg6+ Kxg6 48. Bd1 Ne6 49. Kg1 Ng5 50. Kf2 Nxh3+ 51. Ke3 Ng5 52. Kf4 h3 53. Re1 h2 54. Ba4 h1=Q 55. Rxh1 Bxh1 56. Be8+ Kf6 57. Bc6 Ne6+ 58. Kg3 Ke5 59. Kh2 Be4 60. Kg3 d4 61. Bxe4 Kxe4 0-1


[Site "https://www.chess.com"]

[Event "Titled Tuesday Blitz May 17 Early 2022"]
[White "Csonka, Balazs"]
[Black "Keymer, Vincent"]
[WhiteFideId "742910"]
[BlackFideId "12940690"]
[WhiteElo "2404"]
[BlackElo "2548"]
[Result "1-0"]
[Round "02"]
[TimeControl "180+1"]
[Date "2022.05.17"]
[WhiteClock "0:00:06"]
[BlackClock "0:00:31"]

1. d4 Nf6 2. c4 e6 3. Nf3 d5 4. Nc3 c6 5. Bg5 h6 6. Bh4 dxc4 7. e4 g5 8. Bg3 b5 9. Be2 Nbd7 10. d5 Qb6 11. dxc6 Nc5 12. Qd4 Ncxe4 13. Nxe4 Qxd4 14. Nxd4 Nxe4 15. Nxb5 Bb4+ 16. Kf1 O-O 17. Rc1 a6 18. Nc3 Bxc3 19. bxc3 a5 20. Bf3 Nd2+ 21. Ke2 Nxf3 22. Kxf3 f6 23. Bd6 Rd8 24. Rhd1 Ra6 25. Ba3 Rxd1 26. Rxd1 Rxc6 27. Rd8+ Kf7 28. Ke3 e5 29. f3 h5 30. g3 Bf5 31. Rd6 Rc7 32. Ra6 Rd7 33. Bd6 Rb7 34. Rxa5 Rb2 35. Ra7+ Kg6 36. Bf8 Be6 37. Rg7+ Kf5 38. h3 Bd5 39. g4+ hxg4 40. hxg4+ Ke6 41. Re7+ Kd6 42. Rb7+ Ke6 43. Rxb2 Kf7 44. Bc5 Ke6 45. a4 Kd7 46. a5 Kc6 47. Bb6 Kb7 48. Bd8+ Kc6 49. Bxf6 e4 50. fxe4 Be6 51. a6 Bxg4 52. a7 1-0


[Site "https://www.chess.com"]

[Event "Titled Tuesday Blitz May 17 Early 2022"]
[White "Cunha, Lucas Aguiar"]
[Black "Kobo, Ori"]
[WhiteFideId "2125404"]
[BlackFideId "2812320"]
[WhiteElo "2361"]
[BlackElo "2420"]
[Result "0-1"]
[Round "02"]
[TimeControl "180+1"]
[Date "2022.05.17"]
[WhiteClock "0:00:09"]
[BlackClock "0:00:11"]

1. e4 e5 2. Nf3 Nc6 3. Nc3 Nf6 4. Bb5 Bb4 5. O-O O-O 6. d3 d6 7. Bg5 Bxc3 8. bxc3 h6 9. Bh4 Qe7 10. Re1 Nd8 11. d4 c6 12. Bd3 Bg4 13. h3 Bxf3 14. Qxf3 Ne6 15. Qe3 g5 16. Bg3 Nf4 17. Bf1 Rfe8 18. f3 Rac8 19. a4 c5 20. d5 Kg7 21. Rab1 h5 22. h4 Nh7 23. hxg5 Qxg5 24. Qf2 Rc7 25. Kh2 Rg8 26. Bh4 Qh6 27. Rb5 Ng6 28. Reb1 Rb8 29. Qg3 Qe3 30. c4 Kh8 31. a5 Qd2 32. Qf2 Qf4+ 33. g3 Qh6 34. Bh3 Nxh4 35. gxh4 Rg8 36. Rxb7 Qf4+ 37. Kh1 Rxb7 38. Rxb7 Rg3 39. Bf5 Rxf3 40. Rb8+ Kg7 41. Qg2+ Rg3 42. Qe2 Qc1+ 0-1


[Site "https://www.chess.com"]

[Event "Titled Tuesday Blitz May 17 Early 2022"]
[White "Deac, Bogdan-Daniel"]
[Black "Barria Zuniga, Daniel"]
[WhiteFideId "1226380"]
[BlackFideId "3400816"]
[WhiteElo "2648"]
[BlackElo "2414"]
[Result "1/2-1/2"]
[Round "02"]
[TimeControl "180+1"]
[Date "2022.05.17"]
[WhiteClock "0:00:05"]
[BlackClock "0:00:08"]

1. e4 e6 2. d4 d5 3. Nc3 Bb4 4. Ne2 Nc6 5. a3 Ba5 6. e5 f6 7. b4 Bb6 8. Na4 fxe5 9. Nxb6 axb6 10. dxe5 Nxb4 11. Nf4 Ne7 12. Nh5 O-O 13. Nxg7 Kxg7 14. Qg4+ Kh8 15. Qxb4 c5 16. Qg4 Qe8 17. Bg5 Qg6 18. Bd3 Nf5 19. h3 c4 20. Be2 Nd4 21. Bd1 Bd7 22. Bf6+ Rxf6 23. exf6 Qxf6 24. c3 Nf5 25. Rc1 Rxa3 26. Qf4 Rxc3 27. Ra1 Re3+ 28. fxe3 Qxa1 29. O-O Qc3 30. Qb8+ Kg7 31. Qxb7 Qxe3+ 32. Kh2 Qe5+ 33. Kg1 Qe3+ 34. Rf2 Qe1+ 35. Rf1 Qe3+ 1/2-1/2


[Site "https://www.chess.com"]